 Dungeon Crawl Stone Soup version 0.32-a0-401-g0bcb2a7693 (webtiles) character file.

Game seed: 4288277649204636969

1586 Essalna the Thaumaturge (level 8, -1/48 HPs)
             Began as a Deep Elf Earth Elementalist on Feb 20, 2024.
             Was a Follower of Vehumet.
             Slain by a killer bee (5 damage)
             ... on level 7 of the Dungeon.
             The game lasted 00:08:01 (4892 turns).

Essalna the Thaumaturge (DEEE)                      Turns: 4892, Time: 00:08:01

Health: -1/48      AC:  7    Str:  5    XL:     8   Next: 61%
Magic:  16/22      EV: 12    Int: 23    God:    Vehumet [*.....]
Gold:   400        SH:  0    Dex: 15    Spells: 19/23 levels left

rFire   + . .        t - +0 dagger (venom)
rCold   . . .        (no shield)
rNeg    . . .        a - +0 robe
rPois   .            A - +1 hat
rElec   .            f - +0 cloak
rCorr   .            s - +0 pair of gloves
SInv    .            (no boots)
Will    .....        (no amulet)
Stlth   ++           m - ring of protection from fire
HPRegen 0.28/turn    (no ring)
MPRegen 0.18/turn

%: clarity
@: lethally poisoned (-1 -> -10)
A: iridescent scales 1, clarity
a: Renounce Religion


You were on level 7 of the Dungeon.
You worshipped Vehumet.
Vehumet was aware of your devotion.
You visited 2 branches of the dungeon, and saw 8 of its levels.

You collected 400 gold pieces.

Inventory:

Hand Weapons
 e - a +1 whip of flaming
 t - a +0 dagger of venom (weapon)
Missiles
 k - 3 throwing nets
Armour
 a - a +0 robe (worn)
 f - a +0 cloak (worn)
 s - a +0 pair of gloves (worn)
 A - a +1 hat (worn)
Jewellery
 m - a ring of protection from fire (left hand)
 B - an amulet of faith
Wands
 y - a wand of mindburst (11)
 C - a wand of charming (8)
Scrolls
 c - a scroll of poison {unknown}
 d - 2 scrolls of enchant weapon {unknown}
 g - a scroll of noise {unknown}
 h - 4 scrolls of identify {unknown}
 j - 2 scrolls of fog {unknown}
 n - 2 scrolls of enchant armour {unknown}
 o - a scroll of vulnerability {unknown}
 u - a scroll of fear {unknown}
 z - a scroll of teleportation {unknown}
Potions
 b - a potion of magic
 i - a potion of haste
 l - a potion of curing
 p - a potion of degeneration {unknown}
 r - a potion of cancellation {unknown}
 v - a potion of invisibility {unknown}
 w - 2 potions of mutation
Miscellaneous
 q - a lightning rod (4/4)


   Skills:
 + Level 3.7 Fighting
 - Level 2.4 Dodging
 - Level 2.4 Stealth
 + Level 8.0 Spellcasting
 + Level 6.1 Conjurations
 + Level 6.9 Earth Magic


You had 19 spell levels left.
You knew the following spells:

 Your Spells              Type           Power      Damage    Failure   Level
a - Sandblast             Erth           82%        2d17      1%          1
b - Stone Arrow           Conj/Erth      78%        3d11      1%          3

Your spell library contained the following spells:

 Spells                   Type           Power      Damage    Failure   Level
 Magic Dart               Conj           100%       1d8       1%          1
 Sting                    Conj/Alch      92%        1d8       1%          1
 Passwall                 Erth           41%        N/A       1%          3
 Brom's Barrelling Bould  Conj/Erth      39%        2d6       4%          4
 Apportation              Tloc           18%        N/A       7%          1
 Necrotise                Necr           36%        1d5       7%          1
 Summon Small Mammal      Summ           36%        N/A       7%          1
 Petrify                  Alch/Erth      25%        N/A       16%         4


Dungeon Overview and Level Annotations

Branches:
Dungeon (7/15)             Temple (1/1) D:4

Altars:
Ashenzari
Cheibriados
Elyvilon
Fedhas
Gozag
Hepliaklqana
Kikubaaqudgha
Nemelex Xobeh
Sif Muna
Uskayaw
Vehumet
Wu Jian
Xom
Yredelemnul
Zin
The Shining One

Shops:
D:2 !   D:5 (


Innate Abilities, Weirdness & Mutations

You are partially covered in iridescent scales. (AC +2)
You possess an exceptional clarity of mind.


Message History

Aim: a killer bee (69% to hit)
The blast of sand hits the killer bee!!
You kill the killer bee!
Vehumet accepts your kill.
You feel sick. The killer bee closely misses you. The killer bee stings you.
* * * LOW HITPOINT WARNING * * *
The killer bee misses you. The killer bee stings you.
* * * LOW HITPOINT WARNING * * *
The killer bee closely misses you. The killer bee barely misses you.
Your Spellcasting skill increases to level 8!
You feel much better.
You feel sick. The killer bee stings you! The killer bee closely misses you.
The killer bee stings you!
* * * LOW HITPOINT WARNING * * *
The killer bee stings you.
* * * LOW HITPOINT WARNING * * *
Okay, then.
Unknown command.
It was a potion of curing.
You feel better.
The killer bee stings you but does no damage.
The killer bee stings you.
You are poisoned.
The killer bee poisons you! The killer bee closely misses you.
The killer bee stings you.
You are more poisoned.
The killer bee poisons you!
Casting: Sandblast (safe; 1% risk of failure)
Confirm with . or Enter, or press ? or * to list all spells.
Aiming: Sandblast (safe; 1% risk of failure)
Press: ? - help, Shift-Dir - straight line, f - killer bee
Aim: a killer bee (69% to hit)
The blast of sand hits the killer bee!
The killer bee is heavily wounded.
* * * LOW HITPOINT WARNING * * *
You feel very sick. The killer bee barely misses you.
The killer bee stings you.
* * * LOW HITPOINT WARNING * * *
The killer bee stings you.
* * * LOW HITPOINT WARNING * * *
The killer bee barely misses you. The killer bee stings you.
You die...

#.###..#.## #..#.##.##
#.#..##.# # #.#..##.#
.#### #.#..##.# #....
#.......# #...##
#.#####.......##.....##
#.............yy......#
########...<..†@.....#
#.....####...## ##.####
.## #........ ..
######### ##


You could see 2 killer bees.

Vanquished Creatures
  A sky beast (D:6)
  An orc warrior (D:6)
  2 phantoms
  A bullfrog (D:6)
  3 scorpions (D:6)
  8 killer bees
  2 howler monkeys (D:7)
  2 hounds
  A gnoll bouda (D:4)
  An orc priest (D:6)
  An iguana (D:6)
  A sleepcap (D:6)
  4 orc wizards (D:4)
  8 gnolls
  6 adders
  3 dart slugs
  8 orcs
  3 bats
  9 endoplasms
  4 giant cockroaches
  8 goblins
  7 hobgoblins
  9 jackals
  5 quokkas
  4 ball pythons
  4 frilled lizards
  12 kobolds
  2 rats (D:1)
120 creatures vanquished.

Notes
Turn   | Place    | Note
-------+----------+-------------------------------------------
     0 | D:1      | Essalna the Deep Elf Earth Elementalist began the quest for
                  | the Orb.
     0 | D:1      | Reached XP level 1. HP: 10/10 MP: 6/6
    72 | D:1      | Reached XP level 2. HP: 15/15 MP: 4/8
   331 | D:1      | Reached XP level 3. HP: 19/19 MP: 6/10
   534 | D:1      | Reached skill level 4 in Spellcasting
   767 | D:2      | Reached XP level 4. HP: 23/24 MP: 7/12
   824 | D:2      | Found Iriteaw's Distillery.
   958 | D:2      | Learned a level 3 spell: Stone Arrow
  1815 | D:3      | Reached XP level 5. HP: 28/28 MP: 12/14
  2354 | D:4      | Found a staircase to the Ecumenical Temple.
  2363 | Temple   | Entered the Ecumenical Temple
  2595 | D:4      | Found a shimmering blue altar of Sif Muna.
  2600 | D:4      | Reached skill level 5 in Spellcasting
  2613 | D:4      | Found an ancient bone altar of Kikubaaqudgha.
  2624 | D:4      | Gained mutation: You are partially covered in iridescent
                  | scales. (AC +2) [potion of mutation]
  2624 | D:4      | Gained mutation: You possess an exceptional clarity of
                  | mind. [potion of mutation]
  2727 | D:4      | Found a radiant altar of Vehumet.
  2732 | D:4      | Reached skill level 1 in Fighting
  2735 | D:4      | Became a worshipper of Vehumet
  2796 | D:4      | Reached XP level 6. HP: 34/34 MP: 12/16
  2913 | D:4      | Reached skill level 5 in Earth Magic
  3223 | D:5      | Entered Level 5 of the Dungeon
  3261 | D:5      | Found Moips's Weapon Shoppe.
  3481 | D:5      | Found an ornate altar of the Wu Jian Council.
  3739 | D:6      | Reached skill level 6 in Spellcasting
  3739 | D:6      | Reached XP level 7. HP: 33/40 MP: 9/18
  3993 | D:6      | Reached skill level 5 in Conjurations
  4000 | D:6      | Reached * piety under Vehumet
  4000 | D:6      | Offered knowledge of Magic Dart by Vehumet.
  4001 | D:6      | Reached skill level 7 in Spellcasting
  4001 | D:6      | Reached XP level 8. HP: 41/45 MP: 6/20
  4890 | D:7      | Reached skill level 8 in Spellcasting
  4892 | D:7      | Slain by a killer bee

Illustrated notes

Levels and vault maps discovered:
D:1:      dpeg_arrival_short_road, layout_basic
D:2:      layout_basic, serial_shops, nicolae_shop_industrial_runoff
D:3:      layout_loops_cross, serial_bayou_pond_d, st_stairs_4,
          minmay_checkerbox
D:4:      layout_basic, palyth_temple_overflow_mages,
          minmay_temple_entry_large_hall
D:5:      layout_rooms, lemuel_round_altar, serial_shops,
          nicolae_shop_statue_plus, minivault_19
D:6:      layout_loops_ring
D:7:      lemuel_ice_statue, layout_loops_ring, makhleb_heckhound_becter
Temple:   nicolae_temple_hex_pool

Skill      XL: |  1  2  3  4  5  6  7  8 |
---------------+-------------------------+-----
Conjurations   | 2 3 4 5 6 |  6.1
Spellcasting   | 4 5 6 7 8 |  8.0
Earth Magic    | 4 5 6 |  6.9
Fighting       | 1 2 3 |  3.7
Dodging        | |  2.4
Stealth        | |  2.4

Action                     |  1- 3 |  4- 6 |  7- 9 || total
---------------------------+-------+-------+-------++-------
  Melee: Whip              |     1 |     4 |       ||     5
         Unarmed           |     1 |       |       ||     1
         Dagger            |       |       |     2 ||     2
   Cast: Sandblast         |    41 |   107 |    64 ||   212
    Use: Potion            |       |     3 |     2 ||     5
 Armour: Robe              |     7 |    38 |    47 ||    92
  Dodge: Dodged            |     6 |    28 |    35 ||    69

Table legend: (Time is in decaauts)
 A = Elapsed time spent in this place.
 B = Non-inter-level travel time spent in this place.
 C = Inter-level travel time spent in this place.
 D = Time resting spent in this place.
 E = Time spent auto-exploring this place.
 F = Levels seen in this place.
 G = Mean time per level.
                   A        B        C        D        E       F      G
               +--------+--------+--------+--------+--------+-----+--------+
         Total |   4984 |   4788 |    196 |     27 |   4079 |   8 |  623.0 |
       Dungeon |   4982 |   4786 |    196 |     27 |   4079 |   7 |  711.7 |
        Temple |      1 |      1 |      0 |      0 |      0 |   1 |    1.0 |
               +--------+--------+--------+--------+--------+-----+--------+

Top non-repeatable levels by time:
     D:6: 1001 daAuts
     D:4: 936 daAuts
     D:2: 881 daAuts
     D:3: 768 daAuts
     D:1: 720 daAuts
     D:5: 477 daAuts
     D:7: 196 daAuts
  Temple: 1 daAuts
